AoeStats
← Hamza Khan

Nomad

504095801Analyzed
4v4 RM · 29d ago on Sep 3, 2026· 34m 53s· 8 players
Game mode
Random Map
Map size
231×231
Population
200
Speed
Normal
Resources
Standard
Victory
Conquest
Starting age
Dark Age
Ending age
Imperial Age
RankedLock teamsTeams togetherTeam positionsShared explorationLock speedFull tech treeHidden civsTurbo modeCheats
Victory
Defeat
🇫🇷 Khitans · France
1033
+13
🇳🇱 Burgundians · Netherlands
1011
+14
🇦🇷 Chinese · Argentina
994
+15
🇵🇪 Celts · Peru
950
+16
🇹🇷 Franks · Türkiye
1004
-16
🇨🇱 Berbers · Chile
965
-15
🇸🇪 Celts · Sweden
951
-14
🇪🇸 Maya · Spain
930
-13
jaimikob
6:40 Loom
13:25 Feudal Age
14:33 Double-Bit Axe
16:30 Wheelbarrow
18:27 Gold Mining
21:03 Castle Age
20:36 Stone Mining
22:04 Bow Saw
21:35 Horse Collar
22:32 Gold Shaft Mining
25:57 Medium Warships
30:00 Fishing Lines
32:26 Husbandry
Gripe A
4:45 Loom
15:04 Feudal Age
21:01 Forging
20:52 Scale Mail Armor
24:28 Castle Age
29:20 Wheelbarrow
Hamza Khan
3:18 Loom
18:27 Feudal Age
20:01 Wheelbarrow
19:19 Double-Bit Axe
19:16 Fishing Lines
23:44 Stone Mining
24:59 Horse Collar
25:19 Gold Mining
25:16 Town Watch
29:59 Castle Age
30:30 Pikeman
30:57 Arson
30:34 Elite Skirmisher
32:37 Bow Saw
SaSuEm
5:02 Loom
20:37 Feudal Age
21:57 Wheelbarrow
21:10 Double-Bit Axe
21:09 Fishing Lines
21:24 Gold Mining
23:17 Scale Barding Armor
24:03 Forging
24:52 Arson
29:03 Castle Age
27:10 Scale Mail Armor
27:11 Padded Archer Armor
27:02 Fletching
30:07 Hand Cart
30:05 Bow Saw
30:27 Pikeman
31:07 Squires
32:14 Husbandry
1Timoteo2:11
4:24 Loom
14:03 Feudal Age
21:16 Castle Age
19:25 Fishing Lines
19:46 Double-Bit Axe
20:21 Stone Mining
20:32 Horse Collar
23:01 Fletching
26:54 Pikeman
28:12 Gold Mining
28:25 Scale Mail Armor
29:49 Arson
30:16 Forging
32:38 Iron Casting
32:43 Gold Shaft Mining
32:45 Stone Shaft Mining
I Go Random max
3:07 Loom
15:09 Feudal Age
19:18 Castle Age
18:21 Stone Mining
18:18 Double-Bit Axe
18:26 Fletching
20:41 Bow Saw
21:39 Medium Warships
22:17 Bodkin Arrow
23:17 Wheelbarrow
22:43 Padded Archer Armor
27:14 Horse Collar
30:13 Thumb Ring
31:33 Ballistics
32:35 Hand Cart
32:23 Heavy Plow
33:28 Leather Archer Armor
Nyssa
8:53 Loom
14:39 Wheelbarrow
17:09 Feudal Age
15:46 Double-Bit Axe
18:14 Bow Saw
18:08 Town Watch
20:00 Hand Cart
20:39 Scale Barding Armor
20:55 Gold Mining
23:58 Horse Collar
27:44 Castle Age
26:57 Stone Mining
27:11 Heavy Plow
29:13 Chain Barding Armor
30:10 Forging
30:04 Husbandry
31:19 Burgundian Vineyards
32:55 Fletching
34:01 Town Patrol
33:34 Cavalier
senninha
5:22 Loom
14:05 Feudal Age
15:07 Double-Bit Axe
16:45 Domestication
17:24 Forging
20:28 Scale Barding Armor
20:22 Fletching
24:46 Wheelbarrow
27:29 Castle Age
26:15 Gold Mining
27:36 Stone Mining
28:04 Town Watch
28:34 Hand Cart
27:43 Light Cavalry
29:02 Iron Casting
29:45 Husbandry
30:07 Chain Barding Armor
33:06 Pastoralism
Connection lost

Rejoining the realm…

Still unreachable

The connection could not be restored.

Session expired

The server has moved on; the page needs a fresh start.